[Event "*** Titled Tuesday Blitz"]
[Site "Chess.com"]
[Date "2020.10.20"]
[Round "1"]
[White "GigaQuparadze"]
[Black "witcher8"]
[Result "1/2-1/2"]
[WhiteElo "2869"]
[BlackElo "2440"]
[TimeControl "180+1"]
[EndTime "10:10:32 PDT"]
[Termination "Game drawn by 50-move rule"]

1. e4 c6 2. d4 d5 3. Nc3 dxe4 4.
Nxe4 Bf5 5. Ng3 Bg6 6. h4 h6 7. Nf3 Nd7 8. h5 Bh7 9. Bd3 Bxd3 10. Qxd3 e6 11. Bf4 Qa5+ 12. Bd2 Bb4 13. c3 Be7 14. c4 Qc7 15. d5 cxd5 16. cxd5 Qd6 17.
Qb5 Nf6 18. dxe6 Qxe6+ 19. Kf1 O-O 20. Re1 Qd5 21. Qxd5 Nxd5 22. Nf5 Bf6 23. g4 Rfe8 24. Rd1 N7b6 25. b3 Rad8 26. Kg2 Nc3 27. Bxc3 Bxc3 28. Rxd8 Rxd8 29. Rc1 Rd3 30. Ne1 Bxe1 31. Rxe1 Nd5 32.
Re4 Kh7 33. Rc4 g6 34. hxg6+ fxg6 35. Nd6 b6 36. Nb5 a5 37. Nc7 Nf6 38. f3 Rd2+ 39. Kg3 Rxa2 40. Rc6 Nd7 41. Rd6 Nc5 42. Rxb6 Rb2 43.
Rb5 Nxb3 44. Ne6 g5 45. Nc5 a4 46. Nxa4 Rb1 47. Nc3 Rb2 48. Ne4 Rb1 49. Rb7+ Kg6 50. Rb6+ Kg7 51. Nd6 Nd2 52. Nf5+ Kf7 53. Nxh6+ Ke7 54.
Nf5+ Kf7 55. Rd6 Nc4 56. Nh6+ Kg7 57. Nf5+ Kf7 58. Rd4 Ne5 59. Re4 Ng6 60. Ne3 Rb2 61. Nc4 Ra2 62. Ne5+ Nxe5 63. Rxe5 Kf6 64. Rf5+ Kg6 65.
Rc5 Ra3 66. Rc6+ Kg7 67. Rc2 Kg6 68. Kf2 Rb3 69. Re2 Ra3 70. Re6+ Kf7 71. Re3 Ra2+ 72. Re2 Ra3 73. Rd2 Kf6 74. Ke2 Rb3 75. Rd3 Rb1 76. Ke3 Re1+ 77. Kf2 Rb1 78. Rd6+ Kf7 79. Ke3 Re1+ 80. Kd4 Re2 81. Rh6 Kg7 82. Rc6 Kf7 83. Rc5 Kg6 84. Re5 Rd2+ 85. Ke3 Rd1 86. Re6+ Kf7 87.
Rc6 Re1+ 88. Kd4 Kg7 89. Rc3 Kf6 90. Re3 Rd1+ 91. Ke4 Ra1 92. Rd3 Re1+ 93. Kd4 Re7 94. Rc3 Re1 95. Rc6+ Kf7 96. Rc5 Kf6 97. Rf5+ Kg6 98.
Re5 Rd1+ 99. Ke4 Re1+ 100. Kd5 Rf1 101. Re3 Kf6 102. Ke4 Rc1 103. Re2 Rd1 104. Ke3 Ra1 105. Kf2 Rd1 106. Rb2 Rd3 107. Rb6+ Kf7 108. Ke2 Ra3 109. Rd6 Rb3 110. Rd3 Rb2+ 111. Ke3 Rb1 112. Ke4 Kf6 113. Rd6+ 1/2-1/2

[Event "*** Titled Tuesday Blitz"]
[Site "Chess.com"]
[Date "2020.10.20"]
[Round "1"]
[White "Oglob71"]
[Black "ArjunErigaisi2003"]
[Result "0-1"]
[WhiteElo "2453"]
[BlackElo "3032"]
[TimeControl "180+1"]
[EndTime "10:10:34 PDT"]
[Termination "ArjunErigaisi2003 won by resignation"]

1. d4 g6 2. Nf3 Bg7 3. c3 Nf6 4. Bg5 O-O 5. Nbd2 d5 6. e3 Bf5 7. Be2 c6 8. h3 h6 9. Bf4 Re8 10.
O-O Nbd7 11. Qb3 Qb6 12. c4 dxc4 13. Nxc4 Qxb3 14. axb3 a6 15. Na5 Ra7 16. Nd2 Nd5 17. Bg3 e5 18. e4 exd4 19. Bf3 d3 20. exf5 Bxb2 21. Ra4 gxf5 22. Ndc4 Bc3 23. Nd6 Re1 24. Rxe1 Bxe1 25. Nxf5 Nc5 26. Ra2 Nb4 27. Ra1 Bc3 28. Rb1 Nc2 29. Nc4 b5 30. Nce3 Na3 31. Rd1 d2 32. Bd6 Bb4 33. Bxc5 Bxc5 34. Rxd2 Kh7 35. Bxc6 Kg6 36. Be4 Kf6 37. g3 a5 38. Kg2 a4 39.
Ng4+ Ke6 40. bxa4 Rxa4 41. Bd3 b4 42. Re2+ Kd5 43. Nf6+ Kc6 44. Ne3 b3 45. Ne4 Bd4 46. Nd2 Rb4 47. Be4+ Kc5 48. Nb1 Nxb1 49. Bxb1 Ra4 50.
Nf5 Bc3 51. Re8 Ra1 52. Be4 Re1 53. Rc8+ Kb4 54. Ne3 Bd2 55. Rb8+ Kc3 56. Nd5+ Kd4 57. Bf3 Rb1 58. Nf4 b2 59. Bh5 Bc1 60. Bxf7 Ra1 61. Bg6 Ra6 62. Bb1 Ra1 63. Bh7 Ra7 64. Bg6 Ra6 65. Bf5 Ra5 66. Bc2 Rc5 67. Bb1 Ra5 68. Ne2+ Ke5 69. f4+ Kf6 70. Kf3 Ra1 71. Be4 Ra3+ 72.
Kg4 Re3 73. Rb6+ Kg7 74. Bf3 h5+ 75. Kxh5 Rxf3 76. Rb7+ Kf6 77. Rb5 Re3 78. Nd4 Rxg3 79. Rb6+ Kf7 80. h4 Rd3 81. Ne2 Re3 82. Nd4 Re4 83. Rb7+ Ke8 84. Nc2 Rxf4 85. Na3 Kd8 86. Nb1 Kc8 87. Rb3 Kd7 88. Rb6 Kc7 89. Rb3 Kc6 90.
Rb8 Kd5 91. Na3 Rf3 92. Nb1 Kc4 93. Kg6 Rg3+ 94. Kf5 Rf3+ 95. Kg6 Rg3+ 96. Kf5 Rh3 97. Kg4 Rh1 98. Na3+ Kd3 99. h5 Rg1+ 100. Kf5 Rg5+ 101. Ke6 Rxh5 102. Kd6 Kc3 103. Ke6 Ra5 104. Nb1+ Kc2 105. Kd6 Kxb1 106. Kc6 Ka1 0-1

[Event "*** Titled Tuesday Blitz"]
[Site "Chess.com"]
[Date "2020.10.20"]
[Round "2"]
[White "Teo2000"]
[Black "Colombiano07"]
[Result "1-0"]
[WhiteElo "2431"]
[BlackElo "2224"]
[TimeControl "180+1"]
[EndTime "10:12:23 PDT"]
[Termination "Teo2000 won by resignation"]

1. e4 e6 2. d4 d5 3. e5 c5 4. c3 Nc6 5. Nf3 Bd7 6. Be2 Qb6 7. a3 Nh6 8. b4 cxd4 9. cxd4 Nf5 10. Bb2 a5 11. b5 a4 12. bxc6 1-0

[Event "*** Titled Tuesday Blitz"]
[Site "Chess.com"]
[Date "2020.10.20"]
[Round "2"]
[White "kot60"]
[Black "PattyCastillo"]
[Result "1-0"]
[WhiteElo "2357"]
[BlackElo "1934"]
[TimeControl "180+1"]
[EndTime "10:13:05 PDT"]
[Termination "kot60 won by resignation"]

1. e4 c5 2. Nc3 Nc6 3. Bc4 e6 4. d3 g6 5. f4 Bg7 6. f5 d5 7.
exd5 Bxc3+ 8. bxc3 exd5 9. Bb3 Bxf5 10. Ne2 Nge7 11. a4 O-O 12. O-O Rc8 13. Ng3 Be6 14.
Bg5 Qe8 15. Bf6 c4 16. Qd2 1-0

[Event "*** Titled Tuesday Blitz"]
[Site "Chess.com"]
[Date "2020.10.20"]
[Round "2"]
[White "ZarinaShafigullina"]
[Black "TomiLen"]
[Result "0-1"]
[WhiteElo "2327"]
[BlackElo "2601"]
[TimeControl "180+1"]
[EndTime "10:13:51 PDT"]
[Termination "TomiLen won by resignation"]

1. d4 d5 2. Nf3 Nf6 3. c4 c6 4.
g3 Bg4 5. Bg2 e6 6. O-O Nbd7 7.
b3 Be7 8. Nbd2 O-O 9. Re1 a5 10.
e4 dxe4 11. Nxe4 Nxe4 12. Rxe4 Nf6 13. Re1 Bb4 14. Re3 a4 15. Bd2 Bxd2 16. Qxd2 axb3 17. Rxb3 Bxf3 18. Bxf3 Qc7 19. Qf4 Rfc8 20. g4 Qxf4 0-1

[Event "*** Titled Tuesday Blitz"]
[Site "Chess.com"]
[Date "2020.10.20"]
[Round "2"]
[White "MokshanovAlexey"]
[Black "dretch"]
[Result "1-0"]
[WhiteElo "2540"]
[BlackElo "2803"]
[TimeControl "180+1"]
[EndTime "10:13:54 PDT"]
[Termination "MokshanovAlexey won by resignation"]

1. e4 e6 2. d4 d5 3. e5 c5 4.
c3 Nc6 5. Nf3 Qb6 6. a3 Nge7 7.
b4 cxd4 8. cxd4 Nf5 9. Be3 f6 10. exf6 gxf6 11. Bd3 Nxe3 12. fxe3 Bd7 13. O-O Bh6 14.
Qe1 Ne7 15. Nc3 O-O-O 16. e4 Kb8 17. exd5 Nxd5 18. Nxd5 exd5 19. Kh1 Rde8 20. Qh4 Be3 21. Rae1 h5 22. Rxe3 1-0

[Event "*** Titled Tuesday Blitz"]
[Site "Chess.com"]
[Date "2020.10.20"]
[Round "2"]
[White "Meri-Arabidze"]
[Black "szefru"]
[Result "1-0"]
[WhiteElo "2652"]
[BlackElo "2243"]
[TimeControl "180+1"]
[EndTime "10:13:54 PDT"]
[Termination "Meri-Arabidze won by checkmate"]

1. d4 Nf6 2. c4 g6 3. Nc3 Bg7 4. g3 O-O 5. Bg2 c6 6. e4 d6 7. Nge2 e5 8. O-O Re8 9. Re1 exd4 10. Nxd4 Nbd7 11. f3 Ne5 12. b3 Nfd7 13. Be3 Nf8 14. Qc2 Ne6 15. Rad1 Nxd4 16. Bxd4 Qc7 17. f4 Ng4 18.
Bxg7 Kxg7 19. Qd2 Rd8 20. Qd4+ Kg8 21. h3 Nh6 22. c5 d5 23. exd5 cxd5 24. Nxd5 Rxd5 25.
Re8# 1-0

[Event "*** Titled Tuesday Blitz"]
[Site "Chess.com"]
[Date "2020.10.20"]
[Round "2"]
[White "Sharpchess22"]
[Black "Agoking701"]
[Result "1-0"]
[WhiteElo "2766"]
[BlackElo "2342"]
[TimeControl "180+1"]
[EndTime "10:13:58 PDT"]
[Termination "Sharpchess22 won by checkmate"]

1. d4 Nf6 2. Nc3 d5 3. Bf4 c5 4. e3 cxd4 5. exd4 a6 6. Qd2 Nc6 7. f3 Bf5 8. g4 Bg6 9. h4 h5 10. g5 Ng8 11. Nge2 e6 12. Be3 Bd6 13. Nf4 Nge7 14.
Nxg6 Nxg6 15. O-O-O b5 16. Kb1 Na5 17. Qe1 Nc4 18.
Bc1 b4 19. Nxd5 O-O 20. Bxc4 exd5 21. Bxd5 Rc8 22. Qe4 Kh7 23. f4 Re8 24. Qf3 f6 25. Qxh5# 1-0

[Event "*** Titled Tuesday Blitz"]
[Site "Chess.com"]
[Date "2020.10.20"]
[Round "2"]
[White "dennisodessa"]
[Black "VMikhalevski"]
[Result "0-1"]
[WhiteElo "2422"]
[BlackElo "2702"]
[TimeControl "180+1"]
[EndTime "10:14:07 PDT"]
[Termination "VMikhalevski won by resignation"]

1. d4 Nf6 2. c4 g6 3. Nc3 d5 4.
Bg5 Bg7 5. Bxf6 Bxf6 6. cxd5 c5 7.
dxc5 O-O 8. e3 Nd7 9. c6 Nc5 10.
Rc1 Qb6 11. b3 Rd8 12. cxb7 Bxb7 13. Bc4 e6 14. Nge2 exd5 15. Bd3 d4 16. exd4 Nxd3+ 17. Qxd3 Bxg2 18. Rg1 Bb7 19. Ne4 Bxd4 20. Nxd4 Rxd4 21. Qe3 Rxe4 0-1

[Event "*** Titled Tuesday Blitz"]
[Site "Chess.com"]
[Date "2020.10.20"]
[Round "2"]
[White "Unknown_IM"]
[Black "romulocardoso"]
[Result "1-0"]
[WhiteElo "2382"]
[BlackElo "2089"]
[TimeControl "180+1"]
[EndTime "10:14:10 PDT"]
[Termination "Unknown_IM won by resignation"]

1. e4 c5 2. Nf3 d6 3. c3 Nf6 4. Be2 g6 5. O-O Bg7 6. Bb5+ Bd7 7. Bxd7+ Qxd7 8. Re1 Nc6 9. d4 cxd4 10. cxd4 O-O 11. Nc3 Rac8 12. h3 Rfe8 13. e5 dxe5 14. dxe5 Qxd1 15. Rxd1 Nh5 16. g4 Nxe5 17. Nxe5 Bxe5 18.
gxh5 gxh5 19. Be3 Kh8 20. Kg2 Rg8+ 21. Kf3 Rc6 22. Rd5 Rf6+ 23. Ke2 Re6 24. Rad1 f5 25. Kf3 f4 26. Rxe5 Rxe5 27. Bd4 1-0

[Event "*** Titled Tuesday Blitz"]
[Site "Chess.com"]
[Date "2020.10.20"]
[Round "2"]
[White "onetowin"]
[Black "kasparicy"]
[Result "1-0"]
[WhiteElo "2114"]
[BlackElo "2374"]
[TimeControl "180+1"]
[EndTime "10:14:15 PDT"]
[Termination "onetowin won by resignation"]

1. d4 Nf6 2. Nf3 g6 3. g3 Bg7 4. Bg2 O-O 5. O-O d5 6. c4 c6 7.
cxd5 cxd5 8. Ne5 Ne4 9. Nc3 Nxc3 10. bxc3 Nc6 11. Nxc6 bxc6 12. Qa4 Qb6 13. Ba3 Qa6 14. Qxa6 Bxa6 15. Rfe1 Rfb8 16. Rab1 Bc4 17. Bxe7 Bxa2 18. Rxb8+ Rxb8 19. Ra1 Bc4 20. Rxa7 Bxd4 21. cxd4 Rb1+ 22. Bf1 Bxe2 23. Bf6 1-0

[Event "*** Titled Tuesday Blitz"]
[Site "Chess.com"]
[Date "2020.10.20"]
[Round "2"]
[White "Sn00pPawn"]
[Black "kiborg1987"]
[Result "0-1"]
[WhiteElo "1996"]
[BlackElo "2812"]
[TimeControl "180+1"]
[EndTime "10:14:16 PDT"]
[Termination "kiborg1987 won by resignation"]

1. e4 c5 2. Nf3 a6 3. d4 cxd4 4. Nxd4 e5 5. Nb3 Nf6 6. Bd3 Nc6 7. O-O Be7 8. c4 d6 9. h3 Be6 10. Nc3 Nd7 11. Nd5 O-O 12. Be3 Rc8 13. Rc1 Bg5 14. f4 exf4 15. Nxf4 Nce5 16. Qe2 Nxd3 17. Qxd3 Ne5 18.
Nxe6 Nxd3 19. Nxd8 Bxe3+ 20. Kh1 Nxc1 21. Nxb7 Nxb3 22.
axb3 Bc5 23. Ra1 Rb8 0-1

[Event "*** Titled Tuesday Blitz"]
[Site "Chess.com"]
[Date "2020.10.20"]
[Round "2"]
[White "MrChampion_Coach"]
[Black "enriquebutti"]
[Result "1-0"]
[WhiteElo "2366"]
[BlackElo "1991"]
[TimeControl "180+1"]
[EndTime "10:14:17 PDT"]
[Termination "MrChampion_Coach won by resignation"]

1. d4 Nf6 2. c4 e6 3. Nc3 c5 4. d5 exd5 5. cxd5 d6 6. Nf3 g6 7.
Bf4 Bg7 8. e3 O-O 9. Be2 Re8 10.
O-O a6 11. a4 Qc7 12. Nd2 Nbd7 13. Nc4 Bf8 14. Bf3 Rb8 15. a5 b5 16. axb6 Nxb6 17.
Na5 Bd7 18. Qd3 c4 19. Qd4 Bg7 20. Qd2 Bb5 21. Nc6 Bxc6 22. dxc6 1-0

[Event "*** Titled Tuesday Blitz"]
[Site "Chess.com"]
[Date "2020.10.20"]
[Round "2"]
[White "gliglu"]
[Black "kleinebeer98"]
[Result "0-1"]
[WhiteElo "2330"]
[BlackElo "2613"]
[TimeControl "180+1"]
[EndTime "10:14:18 PDT"]
[Termination "kleinebeer98 won by resignation"]

1. d4 a6 2. c4 b5 3. cxb5 axb5 4. Nf3 Bb7 5. g3 g6 6. Bg2 Bg7 7. O-O Nf6 8. b3 O-O 9. Bb2 Ne4 10. Nc3 b4 11.
Nxe4 Bxe4 12. Qd2 d6 13. Qxb4 Nc6 14. Qd2 Qb8 15. Rfc1 Nb4 16. a3 Nd5 17. b4 Qb7 18. Ne1 Bxg2 19. Nxg2 Rfb8 20. f3 Nb6 21. e4 Na4 22. Rc2 c5 23. bxc5 Nxb2 24. Rb1 dxc5 25. Rcxb2 Qxb2 26. Rxb2 Rxb2 27. Qf4 Bxd4+ 28. Kh1 Rb1+ 0-1

[Event "*** Titled Tuesday Blitz"]
[Site "Chess.com"]
[Date "2020.10.20"]
[Round "2"]
[White "dpopadic"]
[Black "pedro_nascimento85"]
[Result "1-0"]
[WhiteElo "2370"]
[BlackElo "2006"]
[TimeControl "180+1"]
[EndTime "10:14:22 PDT"]
[Termination "dpopadic won by resignation"]

1. e4 e6 2. Nf3 d5 3. e5 c5 4. b4 cxb4 5. d4 Nc6 6. a3 f6 7. axb4 Bxb4+ 8. c3 Bf8 9. Bd3 Qc7 10. Bf4 Nge7 11.
O-O Ng6 12. Bxg6+ hxg6 13. Bg3 fxe5 14. Nxe5 Nxe5 15. Bxe5 Qf7 16. Nd2 Bd7 17. Nf3 Be7 18.
Re1 O-O-O 19. Rxa7 Bc6 20. Bg3 Bd6 21. Bxd6 Rxd6 22. Ra8+ 1-0

[Event "*** Titled Tuesday Blitz"]
[Site "Chess.com"]
[Date "2020.10.20"]
[Round "2"]
[White "Fandorine"]
[Black "arminmusovic"]
[Result "1-0"]
[WhiteElo "2870"]
[BlackElo "2561"]
[TimeControl "180+1"]
[EndTime "10:14:26 PDT"]
[Termination "Fandorine won by resignation"]

1. e4 c6 2. Nf3 d5 3. d3 dxe4 4. dxe4 Qxd1+ 5. Kxd1 g6 6. Nbd2 Bg7 7. Ne1 Nf6 8. f3 O-O 9. Nd3 Rd8 10. c3 Nfd7 11. Kc2 Ne5 12. Nxe5 Bxe5 13. a4 Nd7 14. Nc4 Bg7 15. a5 Ne5 16. Bf4 Nxc4 17. Bxc4 e5 18.
Bg5 Re8 19. Rhd1 h6 20. Be3 a6 21. Rd6 g5 22. Rad1 Kf8 23. Bc5 Kg8 24. Rd8 Be6 25.
Rxa8 Rxa8 26. Bxe6 fxe6 27. Rd7 Rb8 28. Bd6 Rc8 29.
Rxb7 h5 30. g4 hxg4 31. fxg4 Bf8 32. Rb8 Rxb8 33. Bxb8 Kf7 34. Bxe5 Ba3 1-0

[Event "*** Titled Tuesday Blitz"]
[Site "Chess.com"]
[Date "2020.10.20"]
[Round "2"]
[White "Flopezin"]
[Black "pfalcon1949"]
[Result "1-0"]
[WhiteElo "2367"]
[BlackElo "1988"]
[TimeControl "180+1"]
[EndTime "10:14:40 PDT"]
[Termination "Flopezin won by resignation"]

1. c4 Nf6 2. Nc3 c5 3. Nf3 d5 4. cxd5 Nxd5 5. e4 Nc7 6. d4 cxd4 7. Qxd4 Qxd4 8. Nxd4 Nc6 9. Nxc6 bxc6 10. Be3 e6 11.
O-O-O Bb7 12. Kb1 Bb4 13. Na4 O-O 14. a3 Ba5 15. b4 Rfb8 16. bxa5 Ba6+ 17. Ka2 Nb5 18.
Bxb5 Bxb5 19. Nc5 Bc4+ 20. Ka1 Rb5 21. Rb1 Rxa5 22. a4 Bb5 23. Bd2 Rxa4+ 24. Nxa4 Bxa4 25. Rb7 Bb5 26. Ba5 h6 27. Rd1 a6 28. Rdd7 Rf8 29. Bb4 1-0

[Event "*** Titled Tuesday Blitz"]
[Site "Chess.com"]
[Date "2020.10.20"]
[Round "2"]
[White "mamey78"]
[Black "lacafi"]
[Result "1-0"]
[WhiteElo "2399"]
[BlackElo "2123"]
[TimeControl "180+1"]
[EndTime "10:14:53 PDT"]
[Termination "mamey78 won by resignation"]

1. e4 c6 2. d4 d5 3. exd5 cxd5 4. c4 Nf6 5. Nc3 Nc6 6. Nf3 e6 7. cxd5 Nxd5 8. Bc4 Be7 9. O-O O-O 10. Re1 a6 11. a3 b5 12. Ba2 Bf6 13. Nxd5 exd5 14. Qd3 g6 15. Bh6 Bg7 16. Bxg7 Kxg7 17. Ne5 Ne7 18.
Rac1 Bf5 19. Qf3 Be4 20. Qf4 Rc8 21. Ng4 Nf5 22. f3 Rxc1 23. Rxc1 Nxd4 24. Qe5+ f6 25. Qxd4 1-0

[Event "*** Titled Tuesday Blitz"]
[Site "Chess.com"]
[Date "2020.10.20"]
[Round "2"]
[White "AlexeiShirov"]
[Black "ajdemipopushi"]
[Result "1-0"]
[WhiteElo "2810"]
[BlackElo "2344"]
[TimeControl "180+1"]
[EndTime "10:14:55 PDT"]
[Termination "AlexeiShirov won by checkmate"]

1. e4 c5 2. Nf3 g6 3. c3 d5 4.
exd5 Qxd5 5. d4 Bg7 6. Nbd2 cxd4 7. Bc4 Qa5 8. Qb3 e6 9. Ne4 Qc7 10. O-O Nf6 11. Bh6 Bxh6 12. Nxf6+ Ke7 13. Ne4 Rd8 14. Qa3+ Ke8 15. Nf6# 1-0

[Event "*** Titled Tuesday Blitz"]
[Site "Chess.com"]
[Date "2020.10.20"]
[Round "2"]
[White "MarkkuH"]
[Black "WiktoriaPOL"]
[Result "1-0"]
[WhiteElo "2376"]
[BlackElo "2051"]
[TimeControl "180+1"]
[EndTime "10:15:00 PDT"]
[Termination "MarkkuH won by checkmate"]

1. e4 c5 2. Nf3 g6 3. d4 cxd4 4. Nxd4 Nc6 5. Nc3 Bg7 6. Be3 Nf6 7. Bc4 Qa5 8. O-O O-O 9. Bb3 d6 10. h3 Bd7 11. f4 Rac8 12. Qf3 e5 13. Nde2 Be6 14.
f5 Bxb3 15. axb3 Qc7 16. g4 a6 17. g5 Nd7 18. Nd5 Qb8 19. f6 Bh8 20. h4 b5 21.
h5 gxh5 22. Ng3 h4 23. Nf5 Rfe8 24. Qh5 a5 25. Nh6+ Kf8 26. Qxf7# 1-0

[Event "*** Titled Tuesday Blitz"]
[Site "Chess.com"]
[Date "2020.10.20"]
[Round "2"]
[White "boasovietica"]
[Black "AntonovaNadezhda"]
[Result "1-0"]
[WhiteElo "2380"]
[BlackElo "2075"]
[TimeControl "180+1"]
[EndTime "10:15:11 PDT"]
[Termination "boasovietica won by resignation"]

1. e4 c5 2. Nf3 d6 3. d4 cxd4 4. Nxd4 Nf6 5. Nc3 a6 6. Bg5 Nbd7 7. Bc4 Qb6 8. Bb3 Qc7 9. f4 b5 10. Qf3 Bb7 11. O-O-O h6 12. Bh4 e6 13. Rhe1 g5 14.
fxg5 hxg5 15. Bxg5 Ne5 16. Qxf6 Rxh2 17. Rh1 Rxg2 18.
Rh8 Kd7 19. Rxf8 Rxf8 20. Qe7+ 1-0

[Event "*** Titled Tuesday Blitz"]
[Site "Chess.com"]
[Date "2020.10.20"]
[Round "2"]
[White "Tenamu"]
[Black "grzechu96"]
[Result "1-0"]
[WhiteElo "2416"]
[BlackElo "2677"]
[TimeControl "180+1"]
[EndTime "10:15:12 PDT"]
[Termination "Tenamu won by resignation"]

1. d4 Nf6 2. Nc3 d5 3. Bf4 e6 4. a3 Bd6 5. e3 O-O 6. Nf3 c5 7.
dxc5 Bxc5 8. Be2 Nc6 9. O-O h6 10. b4 Be7 11. b5 Na5 12. Ne5 Bd7 13. e4 Rc8 14. exd5 Rxc3 15. d6 Rc8 16. dxe7 Qxe7 17.
Bd2 b6 18. Bb4 Qe8 19. Bxf8 Kxf8 20. Qd6+ Kg8 21. c4 Nb7 22. Qd4 Nc5 23. Rad1 Qe7 24.
Qd6 Qxd6 25. Rxd6 Be8 26. Rfd1 Nb7 27. R6d4 1-0

[Event "*** Titled Tuesday Blitz"]
[Site "Chess.com"]
[Date "2020.10.20"]
[Round "2"]
[White "rududuyk"]
[Black "MashaFromRussia"]
[Result "0-1"]
[WhiteElo "2166"]
[BlackElo "2413"]
[TimeControl "180+1"]
[EndTime "10:15:14 PDT"]
[Termination "MashaFromRussia won by resignation"]

1. e4 c5 2. Nc3 Nc6 3. f4 g6 4.
Nf3 Bg7 5. Bc4 e6 6. d3 Nge7 7. O-O d5 8. Bb3 O-O 9. Qe1 Nd4 10. Nxd4 cxd4 11. Ne2 dxe4 12. dxe4 d3 13. cxd3 Qxd3 14. Nc3 b6 15. Be3 Ba6 16. Rf3 Bxc3 17. bxc3 Qxe4 18.
Qf2 Rfd8 19. Bd4 Nf5 20. Bc2 Qd5 21. Bxf5 Qxf5 22. Qh4 h5 23. Rg3 Rac8 24. Rg5 Qd3 25. Bf6 Rxc3 26. Qxh5 Qe3+ 0-1

[Event "*** Titled Tuesday Blitz"]
[Site "Chess.com"]
[Date "2020.10.20"]
[Round "2"]
[White "SophieNikoladze"]
[Black "Ranindu2003"]
[Result "0-1"]
[WhiteElo "2273"]
[BlackElo "2559"]
[TimeControl "180+1"]
[EndTime "10:15:15 PDT"]
[Termination "Ranindu2003 won by resignation"]

1. d4 Nf6 2. Nf3 e6 3. e3 c5 4. Bd3 b6 5. b3 Bb7 6. O-O Nc6 7. Bb2 d5 8. Nbd2 Bd6 9. a3 O-O 10. Ne5 Ne7 11. Qf3 Qc7 12. g4 Ng6 13. Qg3 Ne4 14.
Nxe4 dxe4 15. Bc4 b5 16. Bxb5 f6 17. Bc4 fxe5 18. Bxe6+ Kh8 19. d5 Rf3 20. Qg2 Nh4 21. Qh1 Bc8 22. Bxc8 Qxc8 23. h3 h5 24. Rfd1 hxg4 25.
hxg4 Qxg4+ 26. Kf1 Raf8 27. Rd2 Rh3 28. Qg1 Qxg1+ 29. Kxg1 Nf3+ 30. Kg2 Rh2+ 0-1

[Event "*** Titled Tuesday Blitz"]
[Site "Chess.com"]
[Date "2020.10.20"]
[Round "2"]
[White "AttractiveMustard"]
[Black "jamalm2"]
[Result "1-0"]
[WhiteElo "2352"]
[BlackElo "1816"]
[TimeControl "180+1"]
[EndTime "10:15:16 PDT"]
[Termination "AttractiveMustard won by checkmate"]

1. e4 g6 2. d4 Bg7 3. Nc3 c6 4. f4 d6 5. Nf3 Bg4 6. Be3 Nd7 7. h3 Bxf3 8. Qxf3 Ngf6 9. e5 dxe5 10. fxe5 Ng8 11. Bc4 e6 12. Ne4 Bf8 13. O-O Nxe5 14.
dxe5 Qc7 15. Bxe6 Qxe5 16. Qxf7+ Kd8 17. Qd7# 1-0

[Event "*** Titled Tuesday Blitz"]
[Site "Chess.com"]
[Date "2020.10.20"]
[Round "2"]
[White "xberli"]
[Black "Olga_Zhuravleva"]
[Result "1-0"]
[WhiteElo "2558"]
[BlackElo "2318"]
[TimeControl "180+1"]
[EndTime "10:15:17 PDT"]
[Termination "xberli won by resignation"]

1. d4 Nf6 2. c4 e6 3. Nc3 Bb4 4. Nf3 b6 5. e3 Ba6 6. Bd3 O-O 7. O-O Bxc3 8. bxc3 c5 9. e4 d6 10. d5 e5 11. h3 Nbd7 12. Nh2 Rb8 13. a4 Re8 14.
Ng4 Nf8 15. Bg5 N8d7 16. Qc1 Kh8 17. f4 h6 18. fxe5 hxg5 19. exf6 Nxf6 20. Qxg5 Nxg4 21. Qxg4 Qe7 22. e5 g6 23. e6 fxe6 24. Qxg6 exd5 25. Rf7 Qe3+ 26. Kh1 1-0

[Event "*** Titled Tuesday Blitz"]
[Site "Chess.com"]
[Date "2020.10.20"]
[Round "2"]
[White "TrenerChos"]
[Black "plumalka"]
[Result "0-1"]
[WhiteElo "2194"]
[BlackElo "2424"]
[TimeControl "180+1"]
[EndTime "10:15:25 PDT"]
[Termination "plumalka won by resignation"]

1. d4 Nf6 2. Nf3 c5 3. g3 cxd4 4. Nxd4 e5 5. Nb3 d5 6. Bg2 Be7 7. O-O O-O 8. Bg5 Be6 9. Nc3 e4 10. Nd4 Nc6 11. Nxe6 fxe6 12. Bh3 Qd6 13. Nb5 Qd7 14.
c4 d4 15. Qc2 a6 16. Na3 d3 17. exd3 Nd4 0-1

[Event "*** Titled Tuesday Blitz"]
[Site "Chess.com"]
[Date "2020.10.20"]
[Round "2"]
[White "MateusViageiro"]
[Black "Evachess2006"]
[Result "1-0"]
[WhiteElo "2349"]
[BlackElo "1638"]
[TimeControl "180+1"]
[EndTime "10:15:29 PDT"]
[Termination "MateusViageiro won by resignation"]

1. e4 e5 2. Nf3 Nc6 3. Bb5 Nf6 4.
O-O a6 5. Ba4 b5 6. Bb3 Bc5 7.
d3 O-O 8. h3 d5 9. Qe2 dxe4 10.
dxe4 Nd4 11. Nxd4 Qxd4 12. Be3 Qxe4 13. Nc3 Qc6 14. Bg5 Bd4 15. Bxf6 Qxf6 16. Nd5 c6 17.
Nxf6+ 1-0

[Event "*** Titled Tuesday Blitz"]
[Site "Chess.com"]
[Date "2020.10.20"]
[Round "2"]
[White "ezkybel"]
[Black "eCztery"]
[Result "1-0"]
[WhiteElo "2444"]
[BlackElo "2245"]
[TimeControl "180+1"]
[EndTime "10:15:30 PDT"]
[Termination "ezkybel won by resignation"]

1. e4 c5 2. Nf3 g6 3. d4 cxd4 4. Nxd4 Nc6 5. Nc3 Bg7 6. Be3 Nf6 7. Nxc6 bxc6 8. e5 Ng8 9. Bd4 f6 10. Qe2 fxe5 11. Bxe5 Nf6 12. O-O-O O-O 13. f3 d5 14. h4 Qa5 15. h5 Bf5 16. g4 Bd7 17. hxg6 hxg6 18. Qh2 Kf7 19. Qf4 Rh8 20. Bd3 Rxh1 21. Rxh1 d4 22. Qxd4 Kg8 23. Bc4+ Kf8 24. g5 Nh5 25. Bxg7+ 1-0

[Event "*** Titled Tuesday Blitz"]
[Site "Chess.com"]
[Date "2020.10.20"]
[Round "2"]
[White "Sychev_Klementy"]
[Black "chess94cu"]
[Result "1-0"]
[WhiteElo "2877"]
[BlackElo "2567"]
[TimeControl "180+1"]
[EndTime "10:15:31 PDT"]
[Termination "Sychev_Klementy won by resignation"]

1. e4 e5 2. Nf3 Nc6 3. Bb5 a6 4. Ba4 Nf6 5. O-O Be7 6. d3 b5 7. Bb3 d6 8. a4 Rb8 9. axb5 axb5 10. c3 O-O 11. h3 h6 12. d4 exd4 13. cxd4 d5 14.
e5 Ne4 15. Nc3 Nxc3 16. bxc3 Be6 17. Bc2 f5 18. exf6 Rxf6 19. Re1 Bf5 20. Bxf5 Rxf5 21.
Ra6 Rb6 22. Rxb6 cxb6 23. Qd3 Rf6 24. Qxb5 Kh8 25. Ne5 Nxe5 26. Rxe5 Bd6 27. Re8+ 1-0

[Event "*** Titled Tuesday Blitz"]
[Site "Chess.com"]
[Date "2020.10.20"]
[Round "2"]
[White "sotochess"]
[Black "teacher4chess"]
[Result "1-0"]
[WhiteElo "2637"]
[BlackElo "2044"]
[TimeControl "180+1"]
[EndTime "10:15:32 PDT"]
[Termination "sotochess won by checkmate"]

1. e4 Nf6 2. e5 Nd5 3. Bc4 Nb6 4.
Bb3 d5 5. d4 Bf5 6. c3 e6 7.
Be3 c5 8. Nf3 Nc6 9. O-O cxd4 10.
cxd4 Be7 11. Nc3 O-O 12. h3 Rc8 13. Rc1 Na5 14. Bc2 Bxc2 15. Rxc2 Nac4 16. Bc1 f6 17. exf6 Bxf6 18. Re1 Qd7 19. Rce2 Rce8 20. Qd3 Nd6 21. Bg5 Nbc4 22. b3 Nb6 23. Bxf6 gxf6 24.
a4 Kf7 25. Qxh7# 1-0

[Event "*** Titled Tuesday Blitz"]
[Site "Chess.com"]
[Date "2020.10.20"]
[Round "2"]
[White "Gogolev_Artemy"]
[Black "SuchMisfortune"]
[Result "1-0"]
[WhiteElo "2511"]
[BlackElo "2751"]
[TimeControl "180+1"]
[EndTime "10:15:34 PDT"]
[Termination "Gogolev_Artemy won by resignation"]

1. Nf3 Nf6 2. c4 g6 3. b3 Bg7 4. Bb2 O-O 5. g3 d5 6. cxd5 Nxd5 7. Bxg7 Kxg7 8. Bg2 c5 9. Qc2 Qd6 10. O-O Nc6 11. Nc3 Be6 12. Ne4 Ndb4 13. Qb2+ Qd4 14. Nxd4 cxd4 15. Nc5 Bd5 16. Rac1 e5 17. Bxd5 Nxd5 18.
Nxb7 Rfc8 19. Nd6 Rc7 20. Rc5 Nce7 21. Rxc7 Nxc7 22. Rc1 Ne6 23. Qa3 Nd5 24. Qa6 Rd8 25. Rc8 Rd7 26. Ne8+ Kh6 27. Rc6 d3 28. e3 Nb4 29. Qc8 Rd8 30. Qb7 Nxc6 31. Qxc6 Ng5 32. Nf6 Rb8 33. Ng4+ Kh5 34. Nxe5 Re8 35. Nxd3 Rd8 36.
Nf4+ Kh6 37. d3 a5 38. h4 Ne6 39. Nxe6 1-0